 Dungeon Crawl Stone Soup version 0.30-a0-365-ge7f957f1db (webtiles) character file.

Game seed: 13634026049207485510

7028 night the Thaumaturge (level 11, 0/81 HPs)
             Began as a Djinni Ice Elementalist on Nov 17, 2022.
             Was an Elder of Nemelex Xobeh.
             Slain by a sun demon (2 damage)
             ... summoned by an obsidian statue
             ... on level 10 of the Dungeon on Nov 18, 2022.
             The game lasted 00:28:16 (10352 turns).

night the Thaumaturge (Djinni Ice Elementalist)    Turns: 10352, Time: 00:28:17

Health: 0/81       AC: 10    Str:  7    XL:     11   Next: 29%
Gold:   191        EV: 10    Int: 22    God:    Nemelex Xobeh [****..] SH:  8 Dex: 19

rFire   + + +      SeeInvis +    d - +3 flail "Iriklage" {holy, rF+}
rCold   + . .      Faith    .    O - +0 kite shield
rNeg    . . .      Spirit   .    v - +2 leather armour {rC+}
rPois   ∞          Reflect  .    x - +2 helmet "Qotosuok" {rF+ MP-9 SInv}
rElec   .          Harm     .    b - scarf {rC+ rF+}
rCorr   .          Rampage  .    D - +1 pair of gloves
Will    +....                    (boots unavailable)
Stlth   ++........               B - amulet of the acrobat
HPRegen 0.33/turn                a - +6 ring of dexterity
MPRegen 0.00/turn                (no ring)

@: flying
A: sickness immunity, fire resistance 2, cold vulnerability 1, float, innate
caster, HP casting, extra vitality 1
a: Renounce Religion, Draw Escape, Draw Destruction, Draw Summoning, Triple
Draw, Deal Four


You were on level 10 of the Dungeon.
You worshipped Nemelex Xobeh.
Nemelex Xobeh was greatly pleased with you.
You visited 1 branch of the dungeon, and saw 10 of its levels.

You collected 558 gold pieces.
You spent 367 gold pieces at shops.

Inventory:

Hand Weapons
 d - the +3 flail "Iriklage" (weapon) {holy, rF+}
   (You found it on level 7 of the Dungeon)

   It has been blessed by the Shining One to cause great damage to the undead
   and demons.
   rF:        It protects you from fire.
 H - a +0 glaive
 L - a +0 trident
 M - a +0 morningstar
Missiles
 h - 74 stones
 j - 15 poisoned darts
 l - 10 boomerangs
 q - 2 javelins
 E - 2 datura-tipped darts
 K - a curare-tipped dart
 N - 2 throwing nets
Armour
 b - a scarf of resistance (worn)
 v - a +2 leather armour of cold resistance (worn)
 x - the +2 helmet "Qotosuok" (worn) {rF+ MP-9 SInv}
   (You took it off Robin on level 4 of the Dungeon)

   rF:        It protects you from fire.
   MP:        It affects your magic capacity (-9).
   SInv:      It lets you see invisible.
 D - a +1 pair of gloves (worn)
 O - a +0 kite shield (worn)
Jewellery
 a - a +6 ring of dexterity (left hand)
 B - an amulet of the acrobat (around neck)
Wands
 f - a wand of light (11)
 k - a wand of flame (52)
 J - a wand of digging (4)
Scrolls
 e - 3 scrolls of immolation
 m - 4 scrolls of vulnerability
 o - 2 scrolls of blinking
 p - 8 scrolls of identify
 r - a scroll of enchant weapon {unknown}
 y - 4 scrolls of teleportation
 I - 2 scrolls of noise
Potions
 c - 5 potions of heal wounds {unknown}
 g - a potion of berserk rage {unknown}
 i - 4 potions of might
 n - 3 potions of degeneration {unknown}
 t - 3 potions of flight {unknown}
 u - 2 potions of attraction {unknown}
 z - 3 potions of mutation {unknown}
 A - a potion of magic {unknown}
 C - 2 potions of curing
 G - 4 potions of haste


   Skills:
 + Level 8.3 Fighting
 + Level 1.1 Armour
 + Level 2.7 Dodging
 - Level 1.5 Stealth
 + Level 1.1 Shields
 * Level 9.7 Spellcasting
 + Level 8.0 Invocations


You had 4 spell levels left.
You knew the following spells:

 Your Spells              Type           Power      Damage    Failure   Level
a - Freeze                Ice            100%       1d10      1%          1
b - Frozen Ramparts       Ice            100%       1d16      1%          3
c - Ozocubu's Armour      Ice            52%        N/A       1%          3
d - Summon Ice Beast      Ice/Summ       52%        N/A       6%          4
e - Sandblast             Erth           100%       2d20      1%          1
f - Searing Ray           Conj           100%       2d8       1%          2
g - Stone Arrow           Conj/Erth      100%       3d13      1%          3
h - Teleport Other        Tloc           52%        N/A       1%          3
i - Borgnjor's Vile Clut  Necr/Erth      26%        N/A       16%         5
Your spell library was empty.

Dungeon Overview and Level Annotations

Branches:
Dungeon (10/15)            Temple (0/1) D:6            Lair (0/5) D:8
    Orc: D:9-12

Altars:
Ashenzari
Fedhas
Nemelex Xobeh
Qazlal
Trog
Uskayaw

Shops:
D:2 !   D:4 [   D:5 [?

Annotations:
D:10 exclusion: obsidian statue


Innate Abilities, Weirdness & Mutations

You are immune to sickness and miasma.
You are immune to poison.
Your flesh is very heat resistant. (rF++)
You are vulnerable to cold. (rC-)
You float through the air rather than walking.
You learn spells naturally, not from books.
Your magical power is your life essence.
You have superior vitality. (+4 MHP)


Message History

The ufetubus hits your ice beast.
Your ice beast hits the obsidian statue but does no damage. x2
You break out of your daze.
Your ice beast hits the obsidian statue but does no damage.
Your ice beast hits the obsidian statue but does no damage.
The obsidian statue's eyes glow briefly.
The ufetubus completely misses you.
The ufetubus hits you but does no damage.
The ufetubus misses you. You block the ufetubus's attack.
The ufetubus attacks as you move away! The ufetubus misses you. x2
You block the ufetubus's attack. The ufetubus closely misses you.
You barely miss the sun demon. You block the ufetubus's attack.
The ufetubus closely misses you. The sun demon hits you!!
You are engulfed in flames.
You resist. You block the ufetubus's attack. x2
You barely miss the sun demon. The ufetubus closely misses you.
You block the ufetubus's attack. You block the sun demon's attack.
Your ice beast hits the ufetubus.
Your ice beast freezes the ufetubus!
The ufetubus resists.
The ufetubus dies!
The ufetubus disappears in a puff of smoke!
The crimson imp blinks!
The sun demon hits you!
You are engulfed in flames.
You resist.
The crimson imp shouts, "Run away, thou droning two-tin-hat wastrel!"
Your ice beast hits the sun demon but does no damage.
You hit the sun demon.
The sun demon convulses.
The sun demon is lightly wounded.
The sun demon closely misses you.
Your ice beast hits the sun demon but does no damage.
The crimson imp blinks!
The sun demon hits you but does no damage.
The crimson imp blinks!
Your ice beast closely misses the sun demon.
You hit the sun demon.
The sun demon convulses.
The sun demon is moderately wounded.
The sun demon hits you!!
You are engulfed in flames.
You resist. The sun demon hits you!!
* * * LOW HITPOINT WARNING * * *
You are engulfed in flames.
You resist.
You die...
Your body glows with a rainbow of weird colours and disappears.

..8.....# .....!.....#
...........# .#
.........5.# .#
.....§....##.# ...
........$...# #....
#.........# #....
#.3Y......# #....
#.@.......#####....
#..................
......................
..##...................
#..########.........
.... #.......## .##..
#.......## #..
##......... ...........


You could see a sun demon (summoned, ally target), a crimson imp (summoned) and
a friendly ice beast (summoned).

Vanquished Creatures
  A two-headed ogre (D:9)
  An unseen horror (D:7)
  A komodo dragon (D:8)
  Prince Ribbit (D:6)
  Grinder (D:3)
  2 wraiths
  3 yaks (D:9)
  3 water moccasins
  A sky beast (D:7)
  An ice beast (D:7)
  2 black bears
  2 centaurs
  An ogre (D:4)
  A kobold brigand (D:7)
  2 phantoms
  Blork the orc (D:6)
  2 necrophages
  2 bullfrogs (D:7)
  A scorpion (D:5)
  4 wights (D:7)
  5 killer bees
  A howler monkey (D:8)
  7 hounds
  4 orc priests
  4 jellies
  Natasha (twice) (D:4)
  Terence (D:3)
  6 iguanas
  7 orc wizards
  Robin (D:4)
  3 gnolls (D:8)
  6 adders
  2 white imps (D:5)
  An ufetubus (D:5)
  A worm (D:3)
  5 dart slugs
  13 orcs
  17 endoplasms
  7 giant cockroaches
  14 goblins
  11 hobgoblins
  10 jackals
  13 kobolds
  4 quokkas
  12 ball pythons
  4 bats
  6 frilled lizards
  8 rats
  A bush (D:7)
209 creatures vanquished.

Vanquished Creatures (collateral kills)
  An oklob plant (D:7)
  2 wyverns
  Eustachio (D:6)
  Edmund (D:6)
  A water moccasin (D:5)
  A nameless horror (D:4)
  An orc warrior (D:9)
  An ogre (D:5)
  2 centaurs
  The ghost of ouz the Conjurer, an amateur DECj (D:4)
  A bullfrog (D:4)
  A necrophage (D:6)
  A hound (D:5)
  Jessica (D:3)
  2 iguanas (D:8)
  A gnoll (D:5)
  4 adders (D:5)
  An ufetubus (D:6)
  9 orcs
  A goblin (D:3)
  A ball python (D:4)
35 creatures vanquished.

Vanquished Creatures (others)
  9 plants
9 creatures vanquished.

Grand Total: 253 creatures vanquished

Notes
Turn   | Place    | Note
-------+----------+-------------------------------------------
     0 | D:1      | night the Djinni Ice Elementalist began the quest for the
                  | Orb.
     0 | D:1      | night set off with the following spells memorised: Freeze,
                  | Frozen Ramparts, Ozocubu's Armour, Summon Ice Beast.
     0 | D:1      | Reached XP level 1. HP: 15/15 MP: 0/0
     1 | D:1      | Found a runed translucent door.
   158 | D:1      | Reached XP level 2. HP: 19/22 MP: 0/0
   159 | D:1      | Reached skill level 1 in Fighting
   575 | D:1      | Reached XP level 3. HP: 18/27 MP: 0/0
   575 | D:1      | Learned a level 1 spell: Sandblast
  1217 | D:2      | Reached XP level 4. HP: 28/33 MP: 0/0
  1264 | D:2      | Reached skill level 4 in Spellcasting
  1360 | D:2      | Found a sparkling altar of Nemelex Xobeh.
  1369 | D:2      | Became a worshipper of Nemelex Xobeh the Trickster
  1396 | D:2      | Reached skill level 2 in Fighting
  1559 | D:2      | Found a faded altar of an unknown god.
  1749 | D:2      | Reached XP level 5. HP: 35/38 MP: 0/0
  1749 | D:2      | Learned a level 2 spell: Searing Ray
  1823 | D:2      | Found Zekassaa's Distillery.
  1831 | D:2      | Bought a potion of curing for 33 gold pieces
  2131 | D:3      | Noticed Terence
  2141 | D:3      | Killed Terence
  2142 | D:3      | Reached skill level 1 in Invocations
  2251 | D:3      | Reached * piety under Nemelex Xobeh
  2402 | D:3      | Received a gift from Nemelex Xobeh
  2481 | D:3      | Noticed Grinder
  2492 | D:3      | HP: 5/39 [Grinder (6)]
  2496 | D:3      | Killed Grinder
  2497 | D:3      | Reached skill level 2 in Invocations
  2497 | D:3      | Reached XP level 6. HP: 16/46 MP: 0/0
  2659 | D:3      | Noticed Jessica
  2674 | D:3      | Killed Jessica
  2675 | D:3      | Reached skill level 5 in Spellcasting
  2675 | D:3      | Reached XP level 7. HP: 24/50 MP: 0/0
  2675 | D:3      | Learned a level 3 spell: Stone Arrow
  3302 | D:4      | Noticed Natasha
  3306 | D:4      | Killed Natasha
  3456 | D:4      | Noticed Natasha
  3461 | D:4      | Killed Natasha
  3662 | D:4      | Found Zuanwy's Antique Armour Boutique.
  3665 | D:4      | Bought a colourful robe for 125 gold pieces
  3665 | D:4      | Identified the +0 robe of Cazicwek {Drain rPois Dex+2} (You
                  | bought it in a shop on level 4 of the Dungeon)
  3685 | D:4      | Noticed a nameless horror
  3689 | D:4      | Found a runed translucent door.
  3702 | D:4      | Noticed a rust devil
  3707 | D:4      | Killed a nameless horror
  3869 | D:4      | Reached ** piety under Nemelex Xobeh
  3954 | D:4      | Noticed ouz's ghost (amateur DECj)
  4047 | D:4      | Reached XP level 8. HP: 44/58 MP: 0/0
  4054 | D:4      | Killed ouz's ghost
  4615 | D:4      | Identified the +2 helmet "Qotosuok" {rF+ MP-9 SInv}
  4615 | D:4      | Noticed Robin
  4619 | D:4      | Killed Robin
  4710 | D:5      | Entered Level 5 of the Dungeon
  4830 | D:5      | Identified the +1 helmet of the Vaults {Dex+2}
  4858 | D:5      | Reached skill level 6 in Spellcasting
  5132 | D:5      | Reached skill level 5 in Fighting
  5221 | D:5      | Reached XP level 9. HP: 61/65 MP: 0/0
  5221 | D:5      | Learned a level 3 spell: Teleport Other
  5253 | D:5      | Found Xuak's Magic Scroll Emporium.
  5533 | D:5      | Reached skill level 5 in Invocations
  5553 | D:5      | Reached skill level 7 in Spellcasting
  5851 | D:5      | Found Songirir's Antique Armour Shoppe.
  5930 | D:4      | Bought a runed leather armour for 110 gold pieces
  6020 | D:6      | Noticed Prince Ribbit
  6423 | D:6      | Noticed Edmund
  6431 | D:6      | Killed Edmund
  6505 | D:6      | Reached *** piety under Nemelex Xobeh
  6520 | D:6      | Found a staircase to the Ecumenical Temple.
  6619 | D:6      | Noticed Blork the orc
  6628 | D:6      | Killed Prince Ribbit
  6629 | D:6      | Killed Blork the orc
  6633 | D:6      | Reached XP level 10. HP: 28/73 MP: 0/0
  6846 | D:6      | Reached skill level 8 in Spellcasting
  7073 | D:6      | Noticed Eustachio
  7083 | D:6      | Killed Eustachio
  7281 | D:7      | Identified the +3 flail "Iriklage" {holy, rF+}
  7565 | D:7      | Found a blossoming altar of Fedhas.
  7579 | D:7      | Noticed an oklob plant
  7680 | D:7      | Killed an oklob plant
  7712 | D:7      | Noticed an unseen horror
  7731 | D:7      | Killed an unseen horror
  8090 | D:7      | Reached skill level 9 in Spellcasting
  8227 | D:7      | Found a bloodstained altar of Trog.
  8409 | D:4      | Bought a kite shield for 99 gold pieces
  8545 | D:8      | Noticed a komodo dragon
  8552 | D:8      | Killed a komodo dragon
  9092 | D:8      | Found a staircase to the Lair.
  9123 | D:8      | Found a broken altar of Ashenzari.
  9250 | D:8      | Reached **** piety under Nemelex Xobeh
  9478 | D:9      | Noticed a two-headed ogre
  9484 | D:9      | Reached XP level 11. HP: 64/81 MP: 0/0
  9484 | D:9      | Learned a level 5 spell: Borgnjor's Vile Clutch
  9486 | D:9      | Killed a two-headed ogre
  9588 | D:9      | Found a stormy altar of Qazlal.
  9751 | D:9      | Received a gift from Nemelex Xobeh
  9986 | D:9      | Reached skill level 1 in Armour
  9986 | D:9      | Reached skill level 1 in Shields
 10000 | D:9      | Found a hide-covered altar of Uskayaw.
 10255 | D:10     | Entered Level 10 of the Dungeon
 10329 | D:10     | Noticed an obsidian statue
 10344 | D:10     | Noticed a sun demon
 10352 | D:10     | HP: 2/81 [sun demon[an obsidian statue] (23)]
 10352 | D:10     | Slain by a sun demon

Illustrated notes

Levels and vault maps discovered:
D:1:      dpeg_arrival_caged_fury, layout_loops_corners
D:2:      layout_loops_ring, basic_altar, serial_shops, shop,
          hellmonk_ecumenical_altar_dog_temple
D:3:      layout_basic, minmay_misc_feat_cross, uniq_terence, uniq_grinder,
          uniq_jessica
D:4:      layout_gridville, serial_shops, kennysheep_mini,
          ebering_ghost_sewer_d, minmay_ruptured, uniq_robin, uniq_natasha
D:5:      layout_layer_cave, serial_shops, shop, nicolae_shop_crystal,
          minmay_misc_feat_four_crosses, minmay_divided_ellipse
D:6:      layout_cave_pools, nicolae_sif_muna_little_library,
          minmay_temple_entry_wispy, uniq_prince_ribbit1, uniq_eustachio,
          uniq_edmund, uniq_blork_the_orc
D:7:      layout_rooms, tgw_fedhas, marbit_many_paths, grunt_ministairs_15
D:8:      layout_cave_pools, nicolae_ashenzari_skybound, lair_entry_dummy,
          minmay_lizard_king
D:9:      layout_cave_pools, kennysheep_little_box,
          mainiacjoe_overflow_small_starburst
D:10:     layout_small_grid, hangedman_abyss_or_decor_lesser_grid, minivault_16,
          nicolae_transporter_circle

Skill      XL: |  1  2  3  4  5  6  7  8  9 10 11 |
---------------+----------------------------------+-----
Fighting       | 1 2 3 4 5 6 7 8 |  8.3
Spellcasting   | 4 5 6 7 9 |  9.7
Invocations    | 2 3 4 6 7 8 |  8.0
Armour         | 1 |  1.1
Shields        | 1 |  1.1
Dodging        | |  2.7
Stealth        | |  1.5

Action                   |  1- 3 |  4- 6 |  7- 9 | 10-12 || total
-------------------------+-------+-------+-------+-------++-------
Melee: Dagger            |    11 |    38 |    83 |    18 ||   150
       Flail             |       |       |       |   132 ||   132
       Glaive            |       |       |       |    14 ||    14
       Punch             |       |       |       |     1 ||     1
 Cast: Freeze            |    31 |     6 |    11 |     5 ||    53
       Frozen Ramparts   |     7 |    25 |    31 |    18 ||    81
       Ozocubu's Armour  |     2 |     2 |    16 |    10 ||    30
       Summon Ice Beast  |       |     5 |    23 |    16 ||    44
       Stone Arrow       |       |       |    12 |     8 ||    20
       Sandblast         |       |       |     4 |     4 ||     8
       Searing Ray       |       |       |     1 |       ||     1
       Borgnjor's Vile C |       |       |       |     3 ||     3
Invok: Draw Destruction  |       |     1 |     2 |       ||     3
       Draw Escape       |       |       |     1 |       ||     1
       Draw Summoning    |       |       |     1 |       ||     1
  Use: Scroll            |       |     4 |     1 |     7 ||    12
       Potion            |       |     2 |     1 |       ||     3
 Stab: Sleeping          |     2 |     3 |     5 |     1 ||    11
Armor: Robe              |     6 |    15 |    22 |       ||    43
       Leather armour    |       |       |    16 |    58 ||    74
Dodge: Dodged            |    15 |    30 |    72 |   117 ||   234
Block: Kite shield       |       |       |       |    29 ||    29

Table legend: (Time is in decaauts)
 A = Elapsed time spent in this place.
 B = Non-inter-level travel time spent in this place.
 C = Inter-level travel time spent in this place.
 D = Time resting spent in this place.
 E = Time spent auto-exploring this place.
 F = Levels seen in this place.
 G = Mean time per level.
                   A        B        C        D        E       F      G
               +--------+--------+--------+--------+--------+-----+--------+
         Total |  10425 |   9784 |    641 |    823 |   7200 |  10 | 1042.5 |
       Dungeon |  10425 |   9784 |    641 |    823 |   7200 |  10 | 1042.5 |
               +--------+--------+--------+--------+--------+-----+--------+

Top non-repeatable levels by time:
     D:4: 1713 daAuts
     D:5: 1642 daAuts
     D:1: 1198 daAuts
     D:3: 1172 daAuts
     D:7: 1151 daAuts
     D:8: 970 daAuts
     D:6: 868 daAuts
     D:2: 821 daAuts
     D:9: 781 daAuts
    D:10: 104 daAuts
